EVO
VANDERBILT UNIVERSITY COMMODORES @ RICE UNIVERSITY OWLS
11/28/2048
 
TOP OF THE 1ST
Stanford University Cardinal batting - Pitching for Fresno State University Bulldogs : RHP Romel Padua
Pitching: RHP Romel Padua
Batting: RHB Joe Gabriel 0-0: Bunt for hit to 2L - play at first, batter safe!
Batting: RHB Troy Bush 0-0: Ball
1-0: Ball
2-0: Foul Ball, location: 2F
2-1: Ball
3-1: Called Strike
3-2: Foul Ball, location: 2F
3-2: DOUBLE (Line Drive, 7LM, EV 90.0 MPH)
Joe Gabriel to third
Joe Gabriel scores
Batting: RHB Guillermo Puente 0-0: Ball
1-0: Swinging Strike
1-1: Called Strike
1-2: Ground out 4-3 (Groundball, 4, EV 101.9 MPH)
Troy Bush to third
Batting: SHB Danny Gallegos 0-0: 2-RUN HOME RUN (Flyball, 9LD, EV 92.5 MPH), Distance : 328 ft
Batting: LHB Chien Sam 0-0: Ball
1-0: Ball
2-0: Foul Ball, location: 2F
2-1: Ball
3-1: Base on Balls
Batting: LHB Bob Neale 0-0: Called Strike
0-1: Ball
1-1: Foul Ball, location: 2F
1-2: Ball
2-2: Foul Ball, location: 2F
2-2: Foul Ball, location: 2F
2-2: Fly out, F7 (Flyball, 7, EV 90.6 MPH)
Batting: RHB Trent Spivey 0-0: Called Strike
0-1: Ball
1-1: Ball
2-1: Called Strike
2-2: Ground out 3-1 (Groundball, 13, EV 85.6 MPH)
Top of the 1st over - 3 runs, 3 hits, 0 errors, 1 left on base; Stanford University 3 - Fresno State University 0
BOTTOM OF THE 1ST
Fresno State University Bulldogs batting - Pitching for Stanford University Cardinal : LHP Chris Hoebing
Pitching: LHP Chris Hoebing
Batting: RHB Andy Villarreal 0-0: Fly out, F5 (Line Drive, 5L, EV 69.4 MPH)
Batting: LHB Chris Viehman 0-0: Ball
1-0: Swinging Strike
1-1: Foul Ball, location: 2F
1-2: Foul Ball, location: 2F
1-2: Fly out, F6 (Popup, 6MD, EV 53.1 MPH)
Batting: LHB Ricardo Sandoval 0-0: Ball
1-0: Foul Ball, location: 2F
1-1: Foul Ball, location: 2F
1-2: Ball
2-2: Ball
3-2: SOLO HOME RUN (Flyball, 9D, EV 92.5 MPH), Distance : 362 ft
Batting: RHB John Carpenter 0-0: Called Strike
0-1: Ball
1-1: Ground out 4-3 (Groundball, 13, EV 86.2 MPH)
Bottom of the 1st over - 1 run, 1 hit, 0 errors, 0 left on base; Stanford University 3 - Fresno State University 1
TOP OF THE 2ND
Stanford University Cardinal batting - Pitching for Fresno State University Bulldogs : RHP Romel Padua
Batting: RHB Jose Garduno 0-0: Called Strike
0-1: Ball
1-1: Ball
2-1: Ground out 1-3 (Groundball, 15S, EV 63.1 MPH)
Batting: RHB Soichi Kaneshiro 0-0: SINGLE (Line Drive, 9S, EV 94.4 MPH)
Batting: RHB Joe Gabriel 0-0: Called Strike
Soichi Kaneshiro steals 2nd, throwing error, E2
Soichi Kaneshiro to third
0-1: Bunt for hit to 25 - play at first, batter OUT! 5-3
Batting: RHB Troy Bush 0-0: Ball
1-0: Foul Ball, location: 2F
1-1: Swinging Strike
1-2: Foul Ball, location: 2F
1-2: Reached on error, E6 (Groundball, 6D, EV 98.8 MPH)
Soichi Kaneshiro scores
Batting: RHB Guillermo Puente 0-0: Fly out, F9 (Flyball, 9LM, EV 104.4 MPH)
Top of the 2nd over - 1 run, 1 hit, 2 errors, 1 left on base; Stanford University 4 - Fresno State University 1
BOTTOM OF THE 2ND
Fresno State University Bulldogs batting - Pitching for Stanford University Cardinal : LHP Chris Hoebing
Batting: RHB Pete Goerge 0-0: Called Strike
0-1: Ground out 1-3 (Groundball, 13S, EV 71.9 MPH)
Batting: LHB Kevin Feldman 0-0: Ground out 6-3 (Groundball, 6M, EV 98.8 MPH)
Batting: RHB Homer Petropoulos 0-0: Ball
1-0: Fly out, F9 (Line Drive, 89M, EV 83.1 MPH)
Bottom of the 2nd over - 0 runs, 0 hits, 0 errors, 0 left on base; Stanford University 4 - Fresno State University 1
TOP OF THE 3RD
Stanford University Cardinal batting - Pitching for Fresno State University Bulldogs : RHP Romel Padua
Batting: SHB Danny Gallegos 0-0: Ball
1-0: Called Strike
1-1: Swinging Strike
1-2: Strikes out looking
Batting: LHB Chien Sam 0-0: Called Strike
0-1: Called Strike
0-2: Ball
1-2: Ball
2-2: Strikes out looking
Batting: LHB Bob Neale 0-0: Ball
1-0: Called Strike
1-1: Ball
2-1: Ball
3-1: Ground out U3 (Groundball, 3S, EV 80.6 MPH)
Top of the 3rd over - 0 runs, 0 hits, 0 errors, 0 left on base; Stanford University 4 - Fresno State University 1
BOTTOM OF THE 3RD
Fresno State University Bulldogs batting - Pitching for Stanford University Cardinal : LHP Chris Hoebing
Batting: RHB Javier Brizuela 0-0: Ball
1-0: Ball
2-0: Called Strike
2-1: Fly out, F8 (Flyball, 8RD, EV 79.4 MPH)
Batting: RHB Xin Zhang 0-0: Ball
1-0: Ball
2-0: Called Strike
2-1: Ground out 6-3 (Groundball, 6, EV 81.9 MPH)
Batting: RHB Andy Villarreal 0-0: Foul Ball, location: 2F
0-1: Called Strike
0-2: SINGLE (Line Drive, 7LS, EV 106.2 MPH)
Batting: LHB Chris Viehman 0-0: Fly out, F9 (Line Drive, 9S, EV 92.5 MPH)
Bottom of the 3rd over - 0 runs, 1 hit, 0 errors, 1 left on base; Stanford University 4 - Fresno State University 1
TOP OF THE 4TH
Stanford University Cardinal batting - Pitching for Fresno State University Bulldogs : RHP Romel Padua
Batting: RHB Trent Spivey 0-0: Called Strike
0-1: Swinging Strike
0-2: Fly out, F6 (Popup, 4M, EV 74.4 MPH)
Batting: RHB Jose Garduno 0-0: Ball
1-0: Ground out 5-3 (Groundball, 56S, EV 71.9 MPH)
Batting: RHB Soichi Kaneshiro 0-0: Called Strike
0-1: Ball
1-1: SINGLE (Line Drive, 89S, EV 101.9 MPH)
Batting: RHB Joe Gabriel 0-0: Swinging Strike
0-1: Foul Ball, location: 2F
0-2: Ball
1-2: Foul Ball, location: 2F
1-2: Foul Ball, location: 2F
1-2: Fielders Choice at 2nd, 6-4 (Groundball, 6, EV 80.6 MPH)
Top of the 4th over - 0 runs, 1 hit, 0 errors, 1 left on base; Stanford University 4 - Fresno State University 1
BOTTOM OF THE 4TH
Fresno State University Bulldogs batting - Pitching for Stanford University Cardinal : LHP Chris Hoebing
Batting: LHB Ricardo Sandoval 0-0: Foul Ball, location: 2F
0-1: Foul Ball, location: 2F
0-2: Ball
1-2: Ball
2-2: Foul Ball, location: 2F
2-2: Foul Ball, location: 2F
2-2: Foul Ball, location: 2F
2-2: Ball
3-2: Fly out, F9 (Flyball, 89M, EV 89.4 MPH)
Batting: RHB John Carpenter 0-0: SINGLE (Line Drive, 8RS, EV 104.4 MPH)
Batting: RHB Pete Goerge 0-0: Grounds into double play, 4-6-3 (Groundball, 4, EV 91.9 MPH)
Bottom of the 4th over - 0 runs, 1 hit, 0 errors, 0 left on base; Stanford University 4 - Fresno State University 1
TOP OF THE 5TH
Stanford University Cardinal batting - Pitching for Fresno State University Bulldogs : RHP Romel Padua
Batting: RHB Troy Bush 0-0: Called Strike
0-1: Ball
1-1: SINGLE (Groundball, 6MD, EV 108.1 MPH)
Batting: RHB Guillermo Puente 0-0: Ball
1-0: Ball
2-0: Foul Ball, location: 2F
2-1: Ball
3-1: Base on Balls
Troy Bush to second
Batting: SHB Danny Gallegos 0-0: Fly out, F7 (Line Drive, 7, EV 97.5 MPH)
Pitching: LHP Nick Chappell
Batting: LHB Chien Sam 0-0: Foul Ball, location: 2F
0-1: Ball
1-1: Ball
2-1: Ball
3-1: Base on Balls
Troy Bush to third
Guillermo Puente to second
Batting: LHB Bob Neale 0-0: Ball
1-0: Ball
2-0: Foul Ball, location: 2F
2-1: Foul Ball, location: 2F
2-2: Foul Ball, location: 2F
2-2: Foul Ball, location: 2F
2-2: Strikes out swinging
Batting: RHB Trent Spivey 0-0: Foul Ball, location: 2F
0-1: Swinging Strike
0-2: Foul Ball, location: 2F
0-2: Strikes out swinging
Top of the 5th over - 0 runs, 1 hit, 0 errors, 3 left on base; Stanford University 4 - Fresno State University 1
BOTTOM OF THE 5TH
Fresno State University Bulldogs batting - Pitching for Stanford University Cardinal : LHP Chris Hoebing
Batting: LHB Kevin Feldman 0-0: Foul Ball, location: 2F
0-1: Ball
1-1: Called Strike
1-2: Ground out 6-3 (Groundball, 4M, EV 76.2 MPH)
Batting: RHB Homer Petropoulos 0-0: Ball
1-0: Ball
2-0: Ball
3-0: Called Strike
3-1: Fly out, F7 (Flyball, 7, EV 88.8 MPH)
Batting: RHB Javier Brizuela 0-0: Ball
1-0: Ball
2-0: Ball
3-0: Called Strike
3-1: Foul Ball, location: 2F
3-2: Ground out 6-3 (Groundball, 6D, EV 97.5 MPH)
Bottom of the 5th over - 0 runs, 0 hits, 0 errors, 0 left on base; Stanford University 4 - Fresno State University 1
TOP OF THE 6TH
Stanford University Cardinal batting - Pitching for Fresno State University Bulldogs : LHP Nick Chappell
Batting: RHB Jose Garduno 0-0: Called Strike
0-1: Fly out, F8 (Line Drive, 78M, EV 91.9 MPH)
Batting: RHB Soichi Kaneshiro 0-0: Ball
1-0: SOLO HOME RUN (Flyball, 7D, EV 94.4 MPH), Distance : 360 ft
Batting: RHB Joe Gabriel 0-0: Called Strike
0-1: Ball
1-1: Foul Ball, location: 2F
1-2: Foul Ball, location: 2F
1-2: Foul Ball, location: 2F
1-2: Ground out 2-3 (Groundball, 13S, EV 66.2 MPH)
Pitching: RHP Paul Holder
Batting: RHB Troy Bush 0-0: Foul Ball, location: 2F
0-1: Foul Ball, location: 2F
0-2: Ground out 6-3 (Groundball, 6, EV 78.1 MPH)
Top of the 6th over - 1 run, 1 hit, 0 errors, 0 left on base; Stanford University 5 - Fresno State University 1
BOTTOM OF THE 6TH
Fresno State University Bulldogs batting - Pitching for Stanford University Cardinal : LHP Chris Hoebing
Batting: RHB Xin Zhang 0-0: Ball
1-0: Ground out 6-3 (Groundball, 6M, EV 91.9 MPH)
Batting: RHB Andy Villarreal 0-0: Called Strike
0-1: Foul Ball, location: 2F
0-2: Strikes out looking
Batting: LHB Chris Viehman 0-0: Ball
1-0: Ball
2-0: Called Strike
2-1: Ground out 6-3 (Groundball, 15, EV 83.1 MPH)
Bottom of the 6th over - 0 runs, 0 hits, 0 errors, 0 left on base; Stanford University 5 - Fresno State University 1
TOP OF THE 7TH
Stanford University Cardinal batting - Pitching for Fresno State University Bulldogs : RHP Paul Holder
Batting: RHB Guillermo Puente 0-0: Ball
1-0: DOUBLE (Line Drive, 7LM, EV 91.2 MPH)
Batting: SHB Danny Gallegos 0-0: SINGLE (Groundball, 34D, EV 95.0 MPH)
Guillermo Puente to third
Runner from 3rd tries for Home, SAFE, throw by RF to home
Batting: LHB Chien Sam 0-0: 2-RUN HOME RUN (Line Drive, 89XD, EV 115.6 MPH), Distance : 417 ft
Batting: LHB Bob Neale 0-0: Foul Ball, location: 2F
0-1: Ball
1-1: SOLO HOME RUN (Line Drive, 9LD, EV 97.5 MPH), Distance : 349 ft
Pitching: LHP Randy Latendresse
Batting: RHB Trent Spivey 0-0: Ball
1-0: Called Strike
1-1: Swinging Strike
1-2: Foul Ball, location: 2F
1-2: Strikes out swinging
Batting: RHB Jose Garduno 0-0: Ball
1-0: Foul Ball, location: 2F
1-1: Ball
2-1: Foul Ball, location: 2F
2-2: Ground out 4-3 (Groundball, 4, EV 88.1 MPH)
Batting: RHB Soichi Kaneshiro 0-0: Ball
1-0: Ground out 5-3 (Groundball, 56S, EV 80.6 MPH)
Top of the 7th over - 4 runs, 4 hits, 0 errors, 0 left on base; Stanford University 9 - Fresno State University 1
BOTTOM OF THE 7TH
Fresno State University Bulldogs batting - Pitching for Stanford University Cardinal : LHP Chris Hoebing
Batting: LHB Ricardo Sandoval 0-0: Ball
1-0: Called Strike
1-1: Ball
2-1: Ball
3-1: Base on Balls
Batting: RHB John Carpenter 0-0: Ball
Ricardo Sandoval steals 2nd base (no throw)
1-0: 2-RUN HOME RUN (Flyball, 7D, EV 96.9 MPH), Distance : 366 ft
Batting: RHB Pete Goerge 0-0: Called Strike
0-1: Ball
1-1: Ball
2-1: Foul Ball, location: 2F
2-2: SINGLE (Flyball, 5D, EV 88.1 MPH)
Batting: LHB Kevin Feldman 0-0: Ball
1-0: Swinging Strike
1-1: Foul Ball, location: 2F
1-2: Ball
2-2: SINGLE (Groundball, 6MD, EV 99.4 MPH)
Pete Goerge to second
Pitching: RHP John Hollinger
Batting: RHB Homer Petropoulos 0-0: Ball
1-0: Ball
2-0: Called Strike
2-1: Foul Ball, location: 2F
2-2: Fly out, F7 (Flyball, 78D, EV 81.2 MPH)
Pinch Hitting: RHB Dou-wan Pan 0-0: Called Strike
0-1: Called Strike
0-2: Ball
1-2: Strikes out swinging
Batting: RHB Xin Zhang 0-0: Foul Ball, location: 2F
0-1: Foul Ball, location: 2F
0-2: Foul Ball, location: 2F
0-2: Ground out 4-3 (Groundball, 4S, EV 84.4 MPH)
Bottom of the 7th over - 2 runs, 3 hits, 0 errors, 2 left on base; Stanford University 9 - Fresno State University 3
TOP OF THE 8TH
Stanford University Cardinal batting - Pitching for Fresno State University Bulldogs : LHP Randy Latendresse
Now at SS: Dou-wan Pan
Batting: RHB Joe Gabriel 0-0: Called Strike
0-1: Ball
1-1: Ball
2-1: Ball
3-1: Base on Balls
Batting: RHB Troy Bush 0-0: Called Strike
0-1: Ball
1-1: Ball
2-1: Swinging Strike
2-2: Foul Ball, location: 2F
2-2: Fly out, F9 (Flyball, 89S, EV 92.5 MPH)
Batting: RHB Guillermo Puente 0-0: Ball
1-0: Ball
2-0: Ball
3-0: Called Strike
3-1: Foul Ball, location: 2F
3-2: Foul Ball, location: 2F
3-2: Strikes out swinging
Batting: SHB Danny Gallegos 0-0: Foul Ball, location: 2F
0-1: Fly out, F9 (Flyball, 9LS, EV 78.8 MPH)
Top of the 8th over - 0 runs, 0 hits, 0 errors, 1 left on base; Stanford University 9 - Fresno State University 3
BOTTOM OF THE 8TH
Fresno State University Bulldogs batting - Pitching for Stanford University Cardinal : RHP John Hollinger
Pinch Hitting: RHB Jaquan Brown 0-0: Foul Ball, location: 2F
0-1: Ground out 6-3 (Groundball, 56D, EV 102.5 MPH)
Batting: LHB Chris Viehman 0-0: Called Strike
0-1: Ground out 6-3 (Groundball, 6M, EV 80.6 MPH)
Batting: LHB Ricardo Sandoval 0-0: Ball
1-0: Foul Ball, location: 2F
1-1: Swinging Strike
1-2: Foul Ball, location: 2F
1-2: Foul Ball, location: 2F
1-2: Ball
2-2: Strikes out swinging
Bottom of the 8th over - 0 runs, 0 hits, 0 errors, 0 left on base; Stanford University 9 - Fresno State University 3
TOP OF THE 9TH
Stanford University Cardinal batting - Pitching for Fresno State University Bulldogs : LHP Randy Latendresse
Pitching: RHP Al Nava
Now in RF: Jaquan Brown
Batting: LHB Chien Sam 0-0: Ball
1-0: Foul Ball, location: 2F
1-1: Ball
2-1: Foul Ball, location: 2F
2-2: Ball
3-2: Foul Ball, location: 2F
3-2: Foul Ball, location: 2F
3-2: Ground out U3 (Groundball, 3, EV 90.6 MPH)
Batting: RHB Kazumi Inouye 0-0: Ball
1-0: Foul Ball, location: 2F
1-1: DOUBLE (Line Drive, 89D, EV 107.5 MPH)
Pinch Hitting: LHB Bryan Davidson 0-0: Foul Ball, location: 2F
0-1: Called Strike
0-2: Ground out 6-3 (Groundball, 6S, EV 88.1 MPH)
Kazumi Inouye to third
Batting: RHB Jose Garduno 0-0: Ground out 4-3 (Groundball, 4, EV 97.5 MPH)
Top of the 9th over - 0 runs, 1 hit, 0 errors, 1 left on base; Stanford University 9 - Fresno State University 3
BOTTOM OF THE 9TH
Fresno State University Bulldogs batting - Pitching for Stanford University Cardinal : RHP John Hollinger
Pitching: RHP Kyle Cannon
Now at 3B: Willie Carmona
Batting: RHB John Carpenter 0-0: Called Strike
0-1: Foul Ball, location: 2F
0-2: Ball
1-2: Fly out, F8 (Flyball, 8LD, EV 100.6 MPH)
Pinch Hitting: SHB Mike Fermin 0-0: Called Strike
0-1: Foul Ball, location: 2F
0-2: Ball
1-2: Foul Ball, location: 2F
1-2: Ball
2-2: DOUBLE (Flyball, 7LD, EV 95.6 MPH)
Pinch Hitting: LHB Troy Jones 0-0: 2-RUN HOME RUN (Line Drive, 9D, EV 100.6 MPH), Distance : 369 ft
Batting: RHB Homer Petropoulos 0-0: Ball
1-0: Foul Ball, location: 2F
1-1: Called Strike
1-2: Ball
2-2: Ball
3-2: Strikes out swinging
Batting: RHB Dou-wan Pan 0-0: Ball
1-0: Foul Ball, location: 2F
1-1: Fly out, F7 (Flyball, 78S, EV 80.6 MPH)
Bottom of the 9th over - 2 runs, 2 hits, 0 errors, 0 left on base; Stanford University 9 - Fresno State University 5
Tuesday, March 28th , 2023 - OOTP Baseball 23.10 Build 110